 Dungeon Crawl Stone Soup version 0.23.2-1-ga50397a (webtiles) character file.

Game seed: 15208890141012417838

375 IBeShadow the Charmwright (level 6, -6/51 HPs)
             Began as a Gnoll Skald on May 28, 2019.
             Mangled by a gnoll
             ... wielding a +0 halberd
              (11 damage)
             ... on level 5 of the Dungeon.
             The game lasted 00:05:34 (3536 turns).

IBeShadow the Charmwright (Gnoll Skald)             Turns: 3536, Time: 00:05:35

Health: -6/51      AC: 10    Str: 15    XL:     6   Next: 73%
Magic:  14/14      EV: 28    Int: 16    God:
Gold:   210        SH:  0    Dex: 14    Spells: 7/15 levels left

rFire    + . .     SeeInvis +   w - +4 quarterstaff (chaos)
rCold    . . .     Gourm    .   (shield currently unavailable)
rNeg     . . .     Faith    .   e - +0 ring mail
rPois    .         Spirit   .   (no helmet)
rElec    .         Reflect  .   x - +0 cloak
rCorr    .         Harm     .   (no gloves)
MR       .....                  c - +2 pair of boots
Stlth    +.........             y - amulet of the acrobat
HPRegen  0.17/turn              o - ring of see invisible (curse)
MPRegen  0.14/turn              k - ring of protection from fire

@: acrobat, glowing
A: distributed training, fangs 1, strong nose
a: no special abilities


You were on level 5 of the Dungeon.
You were very hungry.

You visited 1 branch of the dungeon, and saw 5 of its levels.

You collected 210 gold pieces.

Inventory:

Hand Weapons
 a - a +0 spear
 w - a +4 quarterstaff of chaos (weapon)
Missiles
 f - 6 javelins (quivered)
Armour
 c - a +2 pair of boots (worn)
 e - a +0 ring mail (worn)
 r - a +0 buckler
 x - a +0 cloak (worn)
Jewellery
 k - a ring of protection from fire (right hand)
 o - a cursed ring of see invisible (left hand)
 q - an uncursed ring of flight
 u - an uncursed ring of resist corrosion
 y - an amulet of the acrobat (around neck)
Wands
 v - a wand of flame (11)
Scrolls
 b - a scroll of enchant weapon {unknown}
 g - 3 scrolls of magic mapping {unknown}
 i - 3 scrolls of remove curse {unknown}
 j - 2 scrolls of amnesia {unknown}
 m - a scroll of enchant armour {unknown}
 n - a scroll of teleportation {unknown}
 p - 2 scrolls of immolation {unknown}
 s - 6 scrolls of identify {unknown}
Potions
 h - 2 potions of brilliance {unknown}
 l - a potion of resistance {unknown}
 t - a potion of haste {unknown}
 z - 2 potions of agility {unknown}
Comestibles
 d - 9 rations


   Skills:
 + Level 5.0 Fighting
 + Level 2.0 Short Blades
 + Level 2.0 Long Blades
 + Level 2.0 Axes
 + Level 2.0 Maces & Flails
 + Level 5.0 Polearms
 + Level 2.0 Staves
 + Level 2.0 Slings
 + Level 2.0 Bows
 + Level 2.0 Crossbows
 + Level 2.0 Throwing
 + Level 3.3 Armour
 + Level 5.0 Dodging
 + Level 2.0 Stealth
 + Level 2.0 Shields
 + Level 2.0 Unarmed Combat
 + Level 5.4 Spellcasting
 + Level 1.6 Conjurations
 + Level 1.6 Hexes
 + Level 5.7 Charms
 + Level 1.6 Summonings
 + Level 1.6 Necromancy
 + Level 1.6 Translocations
 + Level 1.6 Transmutations
 + Level 1.6 Fire Magic
 + Level 1.6 Ice Magic
 + Level 1.6 Air Magic
 + Level 1.6 Earth Magic
 + Level 1.6 Poison Magic
 + Level 2.2 Invocations
 + Level 2.0 Evocations


You had 7 spell levels left.
You knew the following spells:

 Your Spells              Type           Power        Failure   Level  Hunger
a - Infusion              Chrm           ###.         2%          1    None
b - Song of Slaying       Chrm           ###.....     4%          2    #......
c - Shroud of Golubria    Chrm/Tloc      ###.......   10%         2    #......
d - Regeneration          Chrm/Necr      ###.......   19%         3    ###....

Your spell library contained the following spells:

 Spells                   Type           Power        Failure   Level  Hunger
 Spectral Weapon          Hex/Chrm       ###.....     19%         3    ###....


Dungeon Overview and Level Annotations

Branches:
Dungeon (5/15)
 Temple: D:4-7

Altars:
Kikubaaqudgha
Nemelex Xobeh
Okawaru
The Shining One


Innate Abilities, Weirdness & Mutations

Your experience applies equally to all skills.
You have very sharp teeth.
Your uncanny sense of smell can sniff out nearby items.


Message History

The hippogriff claws you.
You thump the hippogriff!
The hippogriff is moderately wounded.
The hippogriff bites you. The hippogriff closely misses you. x2
The gnoll hits you from afar with a +0 halberd!
* * * LOW HITPOINT WARNING * * *
You sock the hippogriff! You freeze the hippogriff.
Your bite misses the hippogriff.
The hippogriff is severely wounded.
The hippogriff bites you.
* * * LOW HITPOINT WARNING * * *
The hippogriff pecks you but does no damage.
The hippogriff claws you but does no damage.
The gnoll misses you. The hippogriff completely misses you.
The hippogriff pecks you.
* * * LOW HITPOINT WARNING * * *
The hippogriff claws you.
* * * LOW HITPOINT WARNING * * *
The gnoll hits you from afar with a +0 halberd!
You die... #.##. #.. #.##. .. #(#.. ∆.### .. #.#.# .....##. ###...# ...#?. ###...... ggg#

##........ ∆ #H###
#......... #)@.###
###....... $###...#
##......
g.g....##.#######......
.?..##.........##......
.. ####.####.##......
#.......###.###
#####...###.###
###....(...
#########.......


You could see a hippogriff and 3 gnolls.

Vanquished Creatures
  A howler monkey (D:4)
  A crimson imp (D:5)
  A gnoll shaman (D:5)
  Crazy Yiuf (D:4)
  A worker ant (D:5)
  A hound skeleton (D:4)
  3 gnolls (D:4)
  9 adders
  An adder skeleton (D:5)
  2 worms
  A dart slug (D:5)
  4 leopard geckos
  5 orcs (D:4)
  5 bats
  4 giant cockroaches
  7 goblins
  10 hobgoblins
  12 jackals
  5 kobolds
  4 frilled lizards
  A leopard gecko skeleton (D:5)
  9 rats
88 creatures vanquished.

Notes
Turn   | Place    | Note
-------+----------+-------------------------------------------
     0 | D:1      | IBeShadow the Gnoll Skald began the quest for the Orb.
     0 | D:1      | Reached XP level 1. HP: 20/20 MP: 6/6
   112 | D:1      | Reached XP level 2. HP: 25/26 MP: 7/7
   604 | D:1      | Reached XP level 3. HP: 31/31 MP: 9/9
   659 | D:2      | Reached skill level 5 in Spellcasting
   782 | D:2      | Reached skill level 1 in Invocations
  1110 | D:2      | Reached skill level 1 in Short Blades
  1110 | D:2      | Reached skill level 1 in Long Blades
  1110 | D:2      | Reached skill level 1 in Axes
  1110 | D:2      | Reached skill level 1 in Maces & Flails
  1110 | D:2      | Reached skill level 1 in Staves
  1110 | D:2      | Reached skill level 1 in Slings
  1110 | D:2      | Reached skill level 1 in Bows
  1110 | D:2      | Reached skill level 1 in Crossbows
  1110 | D:2      | Reached skill level 1 in Throwing
  1110 | D:2      | Reached skill level 1 in Stealth
  1110 | D:2      | Reached skill level 1 in Shields
  1110 | D:2      | Reached skill level 1 in Unarmed Combat
  1110 | D:2      | Reached skill level 1 in Evocations
  1110 | D:2      | Reached XP level 4. HP: 38/38 MP: 11/11
  1471 | D:3      | Learned a level 2 spell: Song of Slaying
  1474 | D:3      | Learned a level 2 spell: Shroud of Golubria
  1478 | D:3      | Learned a level 3 spell: Regeneration
  1494 | D:3      | Found an ancient bone altar of Kikubaaqudgha.
  1612 | D:3      | Reached skill level 1 in Conjurations
  1612 | D:3      | Reached skill level 1 in Hexes
  1612 | D:3      | Reached skill level 1 in Summonings
  1612 | D:3      | Reached skill level 1 in Necromancy
  1612 | D:3      | Reached skill level 1 in Translocations
  1612 | D:3      | Reached skill level 1 in Transmutations
  1612 | D:3      | Reached skill level 1 in Fire Magic
  1612 | D:3      | Reached skill level 1 in Ice Magic
  1612 | D:3      | Reached skill level 1 in Air Magic
  1612 | D:3      | Reached skill level 1 in Earth Magic
  1612 | D:3      | Reached skill level 1 in Poison Magic
  1952 | D:3      | Found a glowing golden altar of the Shining One.
  2101 | D:4      | Reached XP level 5. HP: 33/43 MP: 12/12
  2285 | D:4      | Found a runed translucent door.
  2286 | D:4      | Noticed Crazy Yiuf
  2618 | D:4      | Reached XP level 6. HP: 17/50 MP: 13/13
  3082 | D:4      | Found a sparkling altar of Nemelex Xobeh.
  3185 | D:4      | Killed Crazy Yiuf
  3360 | D:5      | Entered Level 5 of the Dungeon
  3415 | D:5      | Found an iron altar of Okawaru.
  3447 | D:5      | Reached skill level 5 in Fighting
  3447 | D:5      | Reached skill level 5 in Polearms
  3447 | D:5      | Reached skill level 5 in Dodging
  3531 | D:5      | Noticed a hippogriff
  3536 | D:5      | Mangled by a gnoll

Skill      XL: |  1  2  3  4  5  6 |
---------------+-------------------+-----
Spellcasting   | 5 |  5.4
Invocations    | 1 2 |  2.2
Short Blades   | 1 2 |  2.0
Long Blades    | 1 2 |  2.0
Axes           | 1 2 |  2.0
Maces & Flails | 1 2 |  2.0
Staves         | 1 2 |  2.0
Slings         | 1 2 |  2.0
Bows           | 1 2 |  2.0
Crossbows      | 1 2 |  2.0
Throwing       | 1 2 |  2.0
Stealth        | 1 2 |  2.0
Shields        | 1 2 |  2.0
Unarmed Combat | 1 2 |  2.0
Evocations     | 1 2 |  2.0
Conjurations   | 1 |  1.6
Hexes          | 1 |  1.6
Summonings     | 1 |  1.6
Necromancy     | 1 |  1.6
Translocations | 1 |  1.6
Transmutations | 1 |  1.6
Fire Magic     | 1 |  1.6
Ice Magic      | 1 |  1.6
Air Magic      | 1 |  1.6
Earth Magic    | 1 |  1.6
Poison Magic   | 1 |  1.6
Armour         | 3 |  3.3
Fighting       | 5 |  5.0
Polearms       | 5 |  5.0
Dodging        | 5 |  5.0
Charms         | |  5.7

Action                   |  1- 3 |  4- 6 || total
-------------------------+-------+-------++-------
Melee: Spear             |   121 |   249 ||   370
       Bite              |     8 |    27 ||    35
       Quarterstaff      |       |    50 ||    50
 Cast: Shroud of Golubri |       |     3 ||     3
       Song of Slaying   |       |     1 ||     1
       Regeneration      |       |     1 ||     1
 Stab: Distracted        |       |     1 ||     1
       Sleeping          |       |     1 ||     1
  Eat: Chunk             |     1 |     7 ||     8
Armor: Ring mail         |    26 |   103 ||   129
       Leather armour    |     1 |       ||     1
Dodge: Dodged            |    39 |   192 ||   231
Block: Buckler           |       |    42 ||    42
